 Dungeon Crawl Stone Soup version 0.32-a0-42-ga30500b4d3 (webtiles) character file.

Game seed: 17908163362949304072

83223 pokeman the Sorcerer (level 15, 0/86 HPs)
             Began as a Deep Elf Hedge Wizard on Jan 29, 2024.
             Was a High Priest of Vehumet.
             Slain by a skyshark (6 damage)
             ... on level 5 of the Lair of Beasts.
             The game lasted 00:58:54 (21547 turns).

pokeman the Sorcerer (Deep Elf Hedge Wizard)       Turns: 21547, Time: 00:58:55

Health: 0/86       AC: 14    Str: 13    XL:     15   Next: 31%
Magic:  15/42      EV: 13    Int: 27    God:    Vehumet [*****.]
Gold:   871        SH:  6    Dex: 21    Spells: 31/57 levels left

rFire   + . .        M - +3 Elemental Staff {ele, rElec rF+ rC+ AC+3}
rCold   + . .        b - +0 buckler
rNeg    . . .        q - +1 robe "Enezuv" {Dex+7}
rPois   .            z - +2 helmet
rElec   +            j - +0 cloak
rCorr   .            i - +1 pair of gloves
SInv    .            e - +0 pair of boots
Will    +....        s - amulet of magic regeneration
Stlth   +++          I - +6 ring of strength
HPRegen 0.34/turn    T - ring of wizardry
MPRegen 0.68/turn

%: wizardry (x1)
@: attractive
A: screaming 1
a: Renounce Religion


You were on level 5 of the Lair of Beasts.
You worshipped Vehumet.
Vehumet was extremely pleased with you.
You visited 3 branches of the dungeon, and saw 20 of its levels.

You collected 1021 gold pieces.
You spent 150 gold pieces at shops.

Inventory:

Hand Weapons
 M - the +3 Elemental Staff (weapon) {ele, rElec rF+ rC+ AC+3}
   (You took it off a deep elf pyromancer on level 10 of the Dungeon)

   AC+3:      It affects your AC (+3).
   rF+:       It protects you from fire.
   rC+:       It protects you from cold.
   rElec:     It insulates you from electricity.
Missiles
 D - 6 curare-tipped darts
 E - 3 throwing nets
Armour
 b - a +0 buckler (worn)
 e - a +0 pair of boots (worn)
 i - a +1 pair of gloves (worn)
 j - a +0 cloak (worn)
 q - the +1 robe "Enezuv" (worn) {Dex+7}
   (You found it on level 3 of the Dungeon)

   Dex+7:     It affects your dexterity (+7).
 y - a +1 robe of fire resistance
 z - a +2 helmet (worn)
Magical Staves
 m - a staff of earth
Jewellery
 s - an amulet of magic regeneration (around neck)
 C - a ring of fire
 I - a +6 ring of strength (left hand)
 N - a ring of fire
 T - a ring of wizardry (right hand)
 V - a ring of see invisible
Wands
 a - a wand of flame (12)
 f - a wand of digging (4)
Scrolls
 c - 3 scrolls of teleportation
 g - a scroll of enchant weapon
 h - 2 scrolls of summoning
 k - a scroll of immolation
 t - a scroll of fog
 u - a scroll of enchant armour
 w - 4 scrolls of revelation
 A - 3 scrolls of blinking
Potions
 d - 2 potions of magic
 l - 4 potions of curing
 n - 3 potions of enlightenment {unknown}
 o - 2 potions of mutation {unknown}
 p - a potion of heal wounds {unknown}
 r - 5 potions of attraction
 v - 3 potions of lignification {unknown}
 x - 3 potions of berserk rage {unknown}
 B - 2 potions of might {unknown}
 K - 2 potions of haste {unknown}
 L - 3 potions of cancellation {unknown}
 R - a potion of ambrosia {unknown}
 U - a potion of degeneration {unknown}


   Skills:
 - Level 7.0 Fighting
 + Level 5.1 Armour
 - Level 3.0 Dodging
 - Level 3.1 Stealth
 - Level 5.0 Shields
 * Level 21.8 Spellcasting
 + Level 13.3 Conjurations
 - Level 1.1 Summonings
 - Level 8.1 Necromancy
 - Level 1.1 Translocations
 - Level 1.0 Ice Magic
 - Level 1.0 Air Magic
 + Level 12.8 Earth Magic
 - Level 1.0 Alchemy
 - Level 1.1 Evocations


You had 31 spell levels left.
You knew the following spells:

 Your Spells              Type           Power      Damage    Failure   Level
a - Magic Dart            Conj           100%       1d8       0%          1
b - Mephitic Cloud        Conj/Alch/Air  72%        N/A       1%          3
c - Call Imp              Summ           70%        N/A       1%          2
d - Blink                 Tloc           70%        N/A       1%          2
e - Stone Arrow           Conj/Erth      100%       3d13      0%          3
f - Bombard               Conj/Erth      50%        9d8       1%          6
g - Dispel Undead         Necr           65%        3d22      1%          4
h - Irradiate             Conj/Alch      31%        3d22      1%          5

Your spell library contained the following spells:

 Spells                   Type           Power      Damage    Failure   Level
 Sandblast                Erth           100%       2d20      0%          1
 Freeze                   Ice            100%       1d10      1%          1
 Slow                     Hex            100%       N/A       1%          1
 Cigotuvi's Dreadful Rot  Necr/Alch/Air  100%       N/A       1%          2
 Ensorcelled Hibernation  Hex/Ice        96%        N/A       1%          2
 Sublimation of Blood     Necr           65%        N/A       1%          2
 Call Canine Familiar     Summ           35%        N/A       1%          3
 Frozen Ramparts          Ice            100%       1d16      1%          3
 Hailstorm                Conj/Ice       80%        3d13      1%          3
 Passwall                 Erth           99%        N/A       1%          3
 Sigil of Binding         Hex            29%        N/A       1%          3
 Volatile Blastmotes      Fire/Tloc      96%        2d18      1%          3
 Anguish                  Hex/Necr       25%        N/A       1%          4
 Brom's Barrelling Bould  Conj/Erth      100%       2d11      1%          4
 Fulminant Prism          Conj/Alch      31%        3d16      1%          4
 Iskenderun's Mystic Bla  Conj/Tloc      62%        2d13      1%          4
 Martyr's Knell           Necr/Summ      53%        N/A       1%          4
 Petrify                  Alch/Erth      79%        N/A       1%          4
 Death Channel            Necr           32%        N/A       4%          6
 Dimensional Bullseye     Hex/Tloc       16%        N/A       5%          4
 Cause Fear               Hex            14%        N/A       7%          4
 Malign Gateway           Summ/Tloc      17%        N/A       97%         7
 Summon Hydra             Summ           17%        N/A       97%         7
 Enfeeble                 Hex            14%        N/A       99%         7
 Summon Horrible Things   Summ           17%        N/A       100%        8
 Death's Door             Necr           32%        N/A       100%        9


Dungeon Overview and Level Annotations

Branches:
Dungeon (15/15)            Temple (1/1) D:7            Lair (3/5) D:11
 Shoals (0/4) Lair:3          Orc (0/2) D:11         Vaults (0/5) D:13
 Depths (0/4) D:15
  Snake: Lair:2-3    Spider: Lair:2-3

Altars:
Ashenzari
Cheibriados
Dithmenos
Elyvilon
Fedhas
Gozag
Hepliaklqana
Kikubaaqudgha
Makhleb
Nemelex Xobeh
Okawaru
Qazlal
Ru
Sif Muna
Trog
Uskayaw
Vehumet
Wu Jian
Xom
Yredelemnul
Zin
The Shining One

Shops:
D:3 ?   D:14 [   D:15 =


Innate Abilities, Weirdness & Mutations

You occasionally shout uncontrollably at your foes.


Message History

You hit the skyshark.
The skyshark is lightly wounded.
The yak is engulfed in noxious fumes.
The yak appears confused.
The skyshark is engulfed in noxious fumes.
The skyshark appears confused.
The skyshark barely misses you.
The skyshark tail-slaps you but does no damage.
The skyshark barely misses you.
The yak is engulfed in noxious fumes.
The yak appears confused.
Unknown command.
Unknown command.
It was a potion of attraction.
You feel attractive to monsters.
The skyshark is engulfed in noxious fumes.
The skyshark bites the hell rat.
The skyshark tastes blood and grows stronger!
The skyshark tail-slaps the hell rat but does no damage.
The skyshark completely misses the hell rat.
The yak is engulfed in noxious fumes.
You hear a bellow!
The yak is attracted toward you. x2
Unknown command.
Unknown command.
Unknown command.
You feel better.
The skyshark is engulfed in noxious fumes.
The skyshark appears confused.
The skyshark bites you!
* * * LOW HITPOINT WARNING * * *
The skyshark enters a blood-rage!
The skyshark completely misses you. The skyshark tail-slaps you.
* * * LOW HITPOINT WARNING * * *
The yak gores the skyshark.
The yak is engulfed in noxious fumes.
The yak appears confused.
The yak gores the yak.
Aiming: Dig
Press: ? - help, Shift-Dir - straight line, p - skyshark You can't see that place.
The rock shatters into small pieces.
A yak comes into view.
The skyshark is engulfed in noxious fumes.
The skyshark appears confused.
The skyshark bites you.
You die...

###. #..... ..?
##..... ##..###
#...... ##..#..##
##..... ##.#...#.##
#......
#......#..#........
#...§.............
###YY§#...........
#@F#...#..........
#.##........rr....
.#.....Y..r....../
#. .......r....
...............
.........Y......
...............
#.#. ..###Y


You could see a skyshark (berserk, confused) and 3 yaks.

Vanquished Creatures
  Jorgrun (D:13)
  A dire elephant (D:15)
  A great orb of eyes (D:15)
  3 hydras
  2 ogre magi
  10 two-headed ogres
  4 boulder beetles
  6 centaur warriors
  Erica (Lair:1)
  9 death yaks
  A death knight (D:15)
  A sun demon (D:15)
  A soul eater (D:15)
  8 skeletal warriors
  Amaemon (D:10)
  3 sixfirhies (D:15)
  2 orc knights (D:15)
  A harpy (Lair:3)
  An orc sorcerer (D:15)
  4 deep elf pyromancers
  12 ugly things
  A salamander (D:15)
  4 cyclopes
  3 meliai (D:14)
  3 manticores
  5 black mambas
  9 elephants
  The ghost of Azoth the Skirmisher, a novice DEHu (D:5)
  A rust devil (D:15)
  2 smoke demons (D:15)
  A torpor snail (Lair:5)
  3 cane toads
  2 orange demons
  2 gargoyles
  3 unseen horrors
  6 kobold demonologists
  5 rime drakes
  An ice devil (D:10)
  2 freezing wraiths (D:15)
  2 red devils (D:15)
  3 polar bears
  A hellwing (D:15)
  9 trolls
  12 blink frogs
  A hornet (D:8)
  6 slime creatures (D:13)
  A ynoxinul (D:15)
  4 wyverns
  2 shadows (D:10)
  3 wraiths
  48 yaks
  3 fire elementals (D:10)
  Grum (D:10)
  5 basilisks
  4 steam dragons (D:10)
  2 neqoxecs (D:15)
  A chaos spawn (D:15)
  6 vampire mosquitoes
  10 water moccasins
  2 acid dragons
  A meliai simulacrum (D:15)
  6 orc warriors
  4 black bears
  2 laughing skulls (D:15)
  32 wolves
  3 ogres
  12 centaurs
  A phantom (D:5)
  2 kobold brigands (D:7)
  12 bullfrogs
  A gnoll sergeant (D:10)
  3 scorpions
  14 killer bees
  3 howler monkeys
  5 electric eels
  3 bombardier beetles
  A gnoll bouda (D:7)
  7 orc priests
  2 hounds
  A jelly (D:7)
  Terence (D:3)
  Natasha (thrice) (D:3)
  9 orc wizards
  6 iguanas
  3 adders
  12 gnolls
  A shadow imp (D:4)
  A white imp (D:8)
  4 ufetubi
  3 dart slugs
  3 ribbon worms
  17 orcs
  9 ball pythons
  9 bats
  8 endoplasms
  A giant cockroach (D:1)
  7 goblins
  10 hobgoblins
  2 jackals
  26 kobolds
  6 quokkas
  6 frilled lizards
  9 rats
  A spectral hobgoblin (D:1)
525 creatures vanquished.

Vanquished Creatures (collateral kills)
  2 killer bees (D:7)
2 creatures vanquished.

Vanquished Creatures (others)
  A killer bee (D:7)
  An orc wizard (D:11)
2 creatures vanquished.

Grand Total: 529 creatures vanquished

Notes
Turn   | Place    | Note
-------+----------+-------------------------------------------
     0 | D:1      | pokeman the Deep Elf Hedge Wizard began the quest for the
                  | Orb.
     0 | D:1      | Reached XP level 1. HP: 10/10 MP: 7/7
   189 | D:1      | Reached XP level 2. HP: 15/15 MP: 2/9
   625 | D:1      | Reached skill level 5 in Spellcasting
   709 | D:1      | Found a faded altar of an unknown god.
   908 | D:1      | Reached XP level 3. HP: 20/20 MP: 2/11
   912 | D:1      | Learned a level 3 spell: Mephitic Cloud
   915 | D:1      | Learned a level 2 spell: Call Imp
   918 | D:1      | Learned a level 2 spell: Blink
  1424 | D:2      | Reached skill level 1 in Fighting
  1424 | D:2      | Reached skill level 1 in Armour
  1482 | D:2      | Reached XP level 4. HP: 20/25 MP: 1/13
  2382 | D:3      | Identified the +1 robe "Enezuv" {Dex+7}
  2402 | D:3      | Noticed Natasha
  2410 | D:3      | Killed Natasha
  2411 | D:3      | Reached skill level 6 in Spellcasting
  2411 | D:3      | Reached XP level 5. HP: 29/29 MP: 0/15
  2890 | D:3      | Noticed Terence
  2917 | D:3      | Killed Terence
  3124 | D:3      | Found a snail-covered altar of Cheibriados.
  3125 | D:3      | Noticed Natasha
  3132 | D:3      | Killed Natasha
  3133 | D:3      | Reached skill level 1 in Necromancy
  3341 | D:3      | Reached skill level 1 in Alchemy
  3365 | D:3      | Noticed Natasha
  3373 | D:3      | Killed Natasha
  3374 | D:3      | Reached skill level 1 in Air Magic
  3374 | D:3      | Reached XP level 6. HP: 27/34 MP: 10/17
  3662 | D:3      | Got the Opusculum on Ghastly Ice
  3672 | D:3      | Learned a level 3 spell: Stone Arrow
  3676 | D:3      | Found The Oracle's Delphic Readings.
  3970 | D:3      | Bought 2 scrolls of revelation for 150 gold pieces
  4034 | D:4      | Reached skill level 7 in Spellcasting
  4130 | D:4      | Reached skill level 1 in Earth Magic
  4233 | D:4      | Reached skill level 1 in Shields
  4234 | D:4      | Noticed an orc warrior
  4247 | D:4      | Reached XP level 7. HP: 24/38 MP: 7/19
  4817 | D:4      | Found an ornate altar of the Wu Jian Council.
  4925 | D:5      | Entered Level 5 of the Dungeon
  4928 | D:5      | Reached skill level 8 in Spellcasting
  5045 | D:5      | Found a runed translucent gate.
  5047 | D:5      | Found a runed translucent gate.
  5051 | D:5      | Found a runed translucent gate.
  5051 | D:5      | Noticed Azoth's ghost (novice DEHu)
  5095 | D:5      | Found an opulent altar of Gozag.
  5106 | D:5      | Found an ancient bone altar of Kikubaaqudgha.
  5433 | D:5      | Reached XP level 8. HP: 43/43 MP: 13/22
  5438 | D:5      | Learned a level 4 spell: Dispel Undead
  5686 | D:6      | Found a broken altar of Ashenzari.
  5695 | D:6      | Found a white marble altar of Elyvilon.
  5913 | D:6      | Reached skill level 9 in Spellcasting
  5986 | D:6      | Found a bloodstained altar of Trog.
  6170 | D:7      | Reached skill level 5 in Conjurations
  6398 | D:7      | Found a staircase to the Ecumenical Temple.
  6404 | Temple   | Entered the Ecumenical Temple
  6436 | Temple   | Became a worshipper of Vehumet
  6563 | D:7      | Reached skill level 10 in Spellcasting
  6727 | D:7      | Reached XP level 9. HP: 48/48 MP: 22/25
  6808 | D:7      | Reached skill level 5 in Necromancy
  7397 | D:8      | Reached skill level 11 in Spellcasting
  7685 | D:8      | Found a sacrificial altar of Ru.
  7849 | D:8      | Reached * piety under Vehumet
  7849 | D:8      | Offered knowledge of Shock by Vehumet.
  7910 | D:8      | Reached skill level 5 in Earth Magic
  7987 | D:9      | Noticed a two-headed ogre
  7996 | D:9      | Reached skill level 1 in Evocations
  8124 | D:8      | Reached XP level 10. HP: 56/56 MP: 25/27
  8177 | D:9      | Reached skill level 12 in Spellcasting
  8197 | D:9      | Found a shadowy altar of Dithmenos.
  8311 | D:9      | Killed a two-headed ogre
  8788 | D:10     | Entered Level 10 of the Dungeon
  8788 | D:10     | Noticed Grum
  8795 | D:10     | Killed Grum
  8802 | D:10     | Noticed a soul eater
  8925 | D:10     | Noticed a smoke demon
  8972 | D:10     | Offered knowledge of Momentum Strike by Vehumet.
  9005 | D:10     | Reached ** piety under Vehumet
  9006 | D:10     | Reached skill level 13 in Spellcasting
  9054 | D:10     | Noticed a gargoyle
  9057 | D:10     | Killed a gargoyle
  9065 | D:10     | Noticed a deep elf pyromancer
  9070 | D:10     | Killed a deep elf pyromancer
  9130 | D:10     | Noticed a white ugly thing
  9178 | D:10     | Killed a white ugly thing
  9179 | D:10     | Reached XP level 11. HP: 61/61 MP: 8/30
  9557 | D:10     | Noticed Amaemon
  9567 | D:10     | Reached skill level 14 in Spellcasting
  9567 | D:10     | Killed Amaemon
 10231 | D:5      | Killed Azoth's ghost
 10369 | D:11     | Offered knowledge of Frozen Ramparts by Vehumet.
 10426 | D:11     | Noticed a two-headed ogre
 10431 | D:11     | Killed a two-headed ogre
 10432 | D:11     | Reached skill level 15 in Spellcasting
 10519 | D:11     | Found a staircase to the Orcish Mines.
 10527 | D:11     | Reached *** piety under Vehumet
 10855 | D:11     | Found a staircase to the Lair.
 10887 | D:11     | Noticed a skeletal warrior
 10888 | D:11     | Noticed a skeletal warrior
 10891 | D:11     | Noticed a skeletal warrior
 10895 | D:11     | Killed a skeletal warrior
 11089 | D:11     | Reached XP level 12. HP: 60/66 MP: 23/33
 11439 | D:11     | Reached skill level 16 in Spellcasting
 11480 | D:11     | Found a shimmering blue altar of Sif Muna.
 11609 | D:11     | Noticed an eight-headed hydra
 11616 | D:11     | Killed an eight-headed hydra
 11687 | D:11     | Noticed a two-headed ogre
 11693 | D:11     | Killed a two-headed ogre
 11693 | D:11     | Offered knowledge of Airstrike by Vehumet.
 11826 | D:12     | Found a shimmering altar of Xom.
 11826 | D:12     | Found a shimmering altar of Xom.
 11828 | D:12     | Found a shimmering altar of Xom.
 11839 | D:12     | Noticed a two-headed ogre
 11841 | D:12     | Noticed a boulder beetle
 12067 | D:12     | Killed a two-headed ogre
 12262 | D:12     | Reached skill level 10 in Conjurations
 12292 | D:12     | Killed a boulder beetle
 12489 | D:12     | Reached skill level 17 in Spellcasting
 13106 | D:13     | Noticed a two-headed ogre
 13107 | D:13     | Noticed a two-headed ogre
 13116 | D:13     | Killed a two-headed ogre
 13135 | D:13     | You fall into a shaft and drop 1 floor!
 13208 | D:13     | Noticed a centaur warrior
 13219 | D:13     | Killed a centaur warrior
 13219 | D:13     | Reached **** piety under Vehumet
 13352 | D:13     | Noticed Jorgrun
 13359 | D:13     | Killed Jorgrun
 13360 | D:13     | Reached skill level 5 in Shields
 13360 | D:13     | Reached XP level 13. HP: 61/70 MP: 23/36
 13558 | D:13     | Reached skill level 10 in Earth Magic
 13640 | D:13     | Found a gate to the Vaults.
 13679 | D:13     | Reached skill level 18 in Spellcasting
 13691 | D:13     | Offered knowledge of Inner Flame by Vehumet.
 13740 | D:13     | Identified the +2 scale mail of Fun {rElec Will+ Int+3}
 14458 | D:14     | Found Zozel's Armour Shop.
 14596 | D:14     | Reached skill level 5 in Armour
 15048 | D:15     | Entered Level 15 of the Dungeon
 15113 | D:15     | Reached skill level 19 in Spellcasting
 15168 | D:15     | Found Jiym's Jewellery Emporium.
 15512 | D:15     | Noticed a dire elephant
 15950 | D:15     | Reached skill level 5 in Fighting
 15950 | D:15     | Reached XP level 14. HP: 68/78 MP: 32/39
 16322 | D:15     | Reached ***** piety under Vehumet
 16329 | D:15     | Paralysed by an orc sorcerer for 3 turns
 16387 | D:15     | Offered knowledge of Ozocubu's Refrigeration by Vehumet.
 16755 | D:15     | Reached skill level 20 in Spellcasting
 16795 | D:15     | Found a staircase to the Depths.
 16865 | D:15     | Gained mutation: You occasionally shout uncontrollably at
                  | your foes. [a neqoxec]
 18233 | Lair:1   | Entered Level 1 of the Lair of Beasts
 18381 | Lair:1   | Reached skill level 1 in Ice Magic
 18769 | Lair:1   | Noticed Erica
 18781 | Lair:1   | Killed Erica
 19530 | Lair:2   | Offered knowledge of Bombard by Vehumet.
 19546 | Lair:2   | Learned a level 6 spell: Bombard
 19687 | Lair:2   | Reached skill level 21 in Spellcasting
 20230 | Lair:1   | Reached XP level 15. HP: 85/85 MP: 13/42
 20526 | Lair:2   | Learned a level 5 spell: Irradiate
 20876 | Lair:3   | Found a staircase to the Shoals.
 20991 | Lair:3   | You fall into a shaft and drop 2 floors!
 20991 | Lair:5   | Entered Level 5 of the Lair of Beasts
 21535 | Lair:5   | HP: 2/86 [cane toad (11)]
 21547 | Lair:5   | Slain by a skyshark

Illustrated notes

Levels and vault maps discovered:
D:1:      sevenhm_arrival_forest_fort_small_4, layout_basic,
          dreamdust_ecumenical_altar_drowned_temple, minmay_misc_feat_encased
D:2:      layout_basic, minmay_tripent
D:3:      minmay_thinvault, layout_loops_ring, cheibrodos_worm_habitat,
          nicolae_nh_oracle_at_delphi, uniq_terence, uniq_natasha
D:4:      layout_basic, mainiacjoe_overflow_tiny_flanked,
          serial_library_hellmonk_room_c, kennysheep_nub,
          corexii_item_surrounded_by_moat, nicolae_figureground_sparkle
D:5:      layout_basic, lemuel_doored_altar, grunt_gozag_statues,
          gammafunk_ghost_split
D:6:      layout_cave_pools, trog_hazing_becter, amethyst_overflow_temple_binary
D:7:      layout_loops_corners, minmay_temple_entry_gardened_gates
D:8:      layout_basic, hangedman_ru_absence, minmay_misc_feat_cross
D:9:      layout_long_grid, nicolae_dithmenos_the_darkroom
D:10:     layout_irregular_city, dilly_guarded_unrand_elemental_staff,
          uniq_grum, uniq_amaemon
D:11:     layout_loops_ring, david_lair_generic, david_orc_3, led_sif_book
D:12:     layout_basic, xom_shifter_show
D:13:     layout_loops_ring, david_vaults_2, uniq_jorgrun
D:14:     layout_irregular_city, serial_shops, shop
D:15:     hangedman_depths_entry_try_elsewhere_first, layout_basic,
          hex_intersection, serial_shops, nicolae_square_shop, serial_demonic,
          serial_demonic_a, serial_demonic_f, serial_demonic_g, serial_demonic_f
Temple:   oiseaux_autumnal_temple
Lair:1:   layout_gridlike, grunt_megastairs_4, serial_bayou_shore_a, uniq_erica
Lair:2:   layout_gridlike
Lair:3:   layout_loops_ring, nicolae_shoals_entry_roost,
          hellmonk_spider_entry_not_the_bees, serial_bayou_shore_b,
          infiniplex_staircase_pool, grunt_megastairs_3
Lair:5:   wormcave, layout_regular_city, roderic_batcave

Skill      XL: |  1  2  3  4  5  6  7  8  9 10 11 12 13 14 15 |
---------------+----------------------------------------------+-----
Spellcasting   | 5 6 7 8 10 11 13 15 17 19 21 | 21.8
Fighting       | 1 3 4 5 6 7 |  7.0
Armour         | 1 2 4 5 |  5.1
Conjurations   | 2 3 4 5 6 7 9 10 11 13 | 13.3
Stealth        | 3 |  3.1
Dodging        | 3 |  3.0
Necromancy     | 1 2 3 4 6 7 8 |  8.1
Alchemy        | 1 |  1.0
Air Magic      | 1 |  1.0
Earth Magic    | 1 2 4 5 6 8 9 11 12 | 12.8
Shields        | 1 2 5 |  5.0
Evocations     | 1 |  1.1
Ice Magic      | 1 |  1.0
Summonings     | |  1.1
Translocations | |  1.1

Action                     |  1- 3 |  4- 6 |  7- 9 | 10-12 | 13-15 || total
---------------------------+-------+-------+-------+-------+-------++-------
  Melee: Dagger            |     9 |       |       |       |       ||     9
         Whip              |     4 |    50 |    21 |     2 |       ||    77
         Punch             |       |       |     2 |       |       ||     2
         Staff             |       |       |       |    17 |    28 ||    45
   Cast: Magic Dart        |   108 |   125 |    57 |    28 |    31 ||   349
         Mephitic Cloud    |     1 |    11 |     6 |    35 |    42 ||    95
         Stone Arrow       |       |     1 |   112 |   290 |   495 ||   898
         Blink             |       |       |       |     5 |     7 ||    12
         Dispel Undead     |       |       |       |     7 |    10 ||    17
         Call Imp          |       |       |       |     3 |     5 ||     8
         Bombard           |       |       |       |       |    94 ||    94
  Evoke: Wand              |       |       |       |     1 |     1 ||     2
    Use: Scroll            |       |       |       |    12 |     5 ||    17
         Potion            |       |       |       |       |     2 ||     2
   Stab: Confused          |       |     7 |       |     3 |     7 ||    17
 Armour: Robe              |    26 |    34 |    24 |   106 |   202 ||   392
  Dodge: Dodged            |    43 |    43 |    39 |    66 |   157 ||   348
  Block: Buckler           |       |       |       |       |    41 ||    41

Table legend: (Time is in decaauts)
 A = Elapsed time spent in this place.
 B = Non-inter-level travel time spent in this place.
 C = Inter-level travel time spent in this place.
 D = Time resting spent in this place.
 E = Time spent auto-exploring this place.
 F = Levels seen in this place.
 G = Mean time per level.
                   A        B        C        D        E       F      G
               +--------+--------+--------+--------+--------+-----+--------+
         Total |  21650 |  20257 |   1393 |   1257 |  15383 |  20 | 1082.5 |
       Dungeon |  18190 |  16948 |   1242 |   1084 |  13083 |  15 | 1212.7 |
        Temple |    126 |     57 |     69 |      0 |      0 |   1 |  126.0 |
          Lair |   3333 |   3252 |     81 |    173 |   2300 |   4 |  833.2 |
               +--------+--------+--------+--------+--------+-----+--------+

Top non-repeatable levels by time:
    D:15: 2619 daAuts
     D:3: 1704 daAuts
    D:10: 1525 daAuts
    D:14: 1392 daAuts
     D:1: 1342 daAuts
  Lair:1: 1305 daAuts
    D:11: 1236 daAuts
  Lair:2: 1218 daAuts
     D:7: 1205 daAuts
    D:12: 1043 daAuts
     D:2: 1034 daAuts
    D:13: 1031 daAuts
     D:9: 964 daAuts
     D:4: 882 daAuts
     D:8: 866 daAuts
